Map: 2000 Atmospheres LE

Players

XDthermyDX (uThermal) - Winner!

  • Race: Terran Terran
  • League: Master

BlyOnFire (Bly)

  • Race: Zerg Zerg

VOD

Have the link to the VOD?

Description

Time

  • Played on: July 19, 2021, 12:37 p.m.
  • Length: 10:18
Show
View Real Time Build Order
Export as new Build Order

XDthermyDX Terran - Winner!

Build Orders:  

Get SALT Encoding   

  12  0:00  SCV  
  13  0:12  SCV  
  14  0:17  Supply Depot  
  14  0:24  SCV  
  15  0:39  SCV  
  15  0:41  Barracks  
  16  0:43  Refinery  
  16  0:51  SCV  
  17  1:03  SCV  
  18  1:15  SCV  
  19  1:28  Barracks Reactor, Orbital Command  
  19  1:40  Command Center  
  19  1:50  Supply Depot  
  20  1:54  SCV  
  20  2:04  Marine x2  
  20  2:06  SCV  
  23  2:11  Barracks  
  23  2:17  Barracks  
  23  2:18  SCV  
  23  2:22  Marine  
  25  2:23  Marine  
  26  2:30  SCV  
  27  2:39  Marine  
  27  2:40  Marine  
  27  2:42  SCV  
  30  2:53  Orbital Command  
  30  2:54  SCV  
  31  2:58  Marine  
  31  2:59  Marine, Barracks Tech Lab  
  31  3:05  Barracks Tech Lab  
  33  3:06  SCV  
  33  3:16  Marine x2  
  33  3:18  Marine, Stimpack  
  33  3:19  SCV  
  37  3:20  SCV  
  37  3:24  Marine  
  39  3:27  Supply Depot  
  39  3:31  SCV  
  39  3:32  SCV  
  41  3:34  Marine x2  
  41  3:35  Combat Shield  
  41  3:36  Marine  
  44  3:43  SCV, Marine  
  46  3:48  SCV  
  46  3:49  Supply Depot  
  46  3:52  Marine  
  46  3:54  Marine x2  
  46  3:55  SCV  
  51  4:01  SCV, Marine, Refinery  
  53  4:03  Refinery  
  53  4:07  SCV  
  54  4:10  Marine  
  54  4:12  Marine x2, Factory  
  54  4:13  SCV  
  58  4:17  Supply Depot  
  58  4:19  SCV, Marine  
  60  4:25  SCV  
  60  4:28  Marine  
  62  4:31  Engineering Bay  
  62  4:38  SCV, Marine x3  
  62  4:40  SCV  
  67  4:46  Marine  
  67  4:47  Supply Depot  
  67  4:50  SCV  
  69  4:56  Marine  
  69  4:57  Starport, Factory Reactor  
  69  4:59  Terran Infantry Weapons Level 1  
  70  5:08  Marine  
  70  5:09  SCV x2, Marine  
  70  5:13  Marine  
  66  5:21  SCV x2  
  66  5:23  Marine  
  66  5:27  Marine, Marauder  
  70  5:33  SCV x2  
  71  5:41  Marine  
  71  5:42  Refinery  
  63  5:43  Medivac x2  
  63  5:44  Barracks Reactor, Marine  
  63  5:45  SCV, Siege Tank  
  63  5:48  Marauder  
  72  5:55  Supply Depot  
  72  5:59  Marine  
  72  6:00  Supply Depot  
  72  6:04  Marine  
  73  6:08  Command Center  
  74  6:12  Medivac  
  74  6:13  Medivac  
  74  6:17  Marine  
  79  6:20  Siege Tank  
  79  6:21  Marine  
  79  6:24  Marine x3  
  86  6:26  Supply Depot  
  86  6:31  Supply Depot  
  86  6:35  Marine  
  86  6:39  Marine  
  88  6:42  Marine  
  88  6:43  Marine  
  90  6:50  Marine  
  90  6:52  Siege Tank  
  94  6:56  Marine x2  
  94  7:00  Marine  
  94  7:01  Marine  
  91  7:08  Marine  
  87  7:09  SCV  
  87  7:10  Terran Infantry Armor Level 1  
  87  7:13  Barracks, Marine  
  87  7:14  Barracks, Marine, Medivac x2  
  86  7:17  SCV  
  86  7:18  Marine x2  
  89  7:24  SCV, Siege Tank  
  89  7:25  Marine  
  94  7:31  Marine  
  94  7:32  Marine  
  94  7:34  SCV  
  94  7:36  Marine x2  
  99  7:44  Liberator x2  
  99  7:45  SCV, Marine  
  99  7:49  Marine  
  99  7:50  Marine, Orbital Command  
  109  7:53  Marine  
  109  7:56  Siege Tank  
  113  8:04  Barracks Reactor x2  
  113  8:06  SCV  
  113  8:11  Marine  
  115  8:15  Marine  
  115  8:16  Marine x2  
  115  8:17  Marine  
  115  8:18  SCV  
  115  8:19  SCV  
  116  8:21  Supply Depot  
  116  8:22  Supply Depot  
  116  8:28  Marine  
  116  8:29  Siege Tank  
  116  8:33  SCV, Marine  
  116  8:34  Marine, Supply Depot  
  121  8:36  Marine  
  123  8:41  Armory  
  123  8:42  SCV x2, Engineering Bay, Marine  
  123  8:44  Marine  
  123  8:48  Marine x2  
  128  8:50  Missile Turret  
  129  8:56  Missile Turret  
  129  8:58  Missile Turret x2  
  129  9:01  SCV, Marine x2  
  129  9:02  Marine  
  133  9:03  Marine  
  134  9:15  Marine  
  134  9:16  Liberator x2, Supply Depot  
  141  9:17  Marine  
  141  9:18  Marine  
  133  9:25  Marine x2, Siege Tank  
  133  9:30  Marine x2  
  140  9:38  Marine  
  140  9:41  Marine, Supply Depot  
  142  9:47  Marine x3  
  142  9:51  Marine x2  
Show
View Real Time Build Order
Export as new Build Order

BlyOnFire Zerg 

Build Orders: Hatch First 

Get SALT Encoding   

  12  0:00  Drone  
  13  0:14  Overlord  
  13  0:19  Drone  
  14  0:32  Drone x2  
  16  0:47  Hatchery  
  15  0:51  Drone  
  15  0:56  Drone  
  17  1:00  Drone  
  18  1:10  Extractor  
  17  1:14  Spawning Pool  
  17  1:17  Drone  
  17  1:21  Drone  
  18  1:29  Drone  
  19  1:40  Drone  
  20  1:51  Overlord  
  20  2:01  Queen x2  
  20  2:04  Zergling x4  
  26  2:12  Drone x2  
  28  2:16  Metabolic Boost  
  28  2:22  Drone  
  29  2:27  Drone  
  30  2:32  Drone  
  31  2:42  Drone x2  
  31  2:43  Hatchery  
  32  2:46  Drone  
  32  2:50  Queen  
  35  2:55  Overlord  
  35  3:03  Drone  
  36  3:06  Overlord  
  36  3:15  Drone x7  
  43  3:21  Overlord  
  43  3:28  Evolution Chamber  
  43  3:31  Queen  
  44  3:40  Drone  
  44  3:41  Drone x3  
  48  3:54  Drone x3  
  48  3:55  Zerg Ground Armor Level 1, Drone x2  
  52  4:01  Queen  
  52  4:02  Queen  
  56  4:05  Overlord  
  56  4:11  Overlord  
  56  4:12  Drone x3  
  59  4:22  Evolution Chamber  
  58  4:29  Zergling x4, Overlord  
  58  4:30  Zergling x14  
  67  4:39  Baneling Nest  
  67  4:41  Zergling x12  
  72  4:48  Zergling x2  
  72  4:50  Zerg Melee Weapons Level 1  
  73  4:54  Zergling x4  
  73  4:55  Zergling x6  
  78  5:02  Overlord  
  78  5:04  Overlord  
  78  5:06  Overlord  
  78  5:08  Overlord  
  67  5:15  Zergling x12  
  67  5:18  Zergling x4  
  62  5:22  Zergling x2  
  62  5:24  Queen x3  
  62  5:32  Zergling x6  
  53  5:43  Zergling x6  
  53  5:49  Zergling x2  
  57  5:55  Drone x2  
  59  6:03  Burrow  
  59  6:04  Lair  
  59  6:09  Hatchery  
  58  6:13  Drone x5  
  58  6:14  Overlord  
  58  6:17  Queen  
  63  6:34  Zergling x26  
  76  6:41  Overlord  
  76  6:43  Overlord  
  76  6:45  Overlord  
  76  6:46  Overlord  
  73  6:49  Baneling x3  
  73  6:53  Queen  
  58  7:05  Queen  
  53  7:14  Queen  
  54  7:16  Zergling x14  
  54  7:17  Zergling x12  
  54  7:22  Centrifugal Hooks  
  67  7:35  Drone x3  
  67  7:36  Extractor  
  69  7:37  Drone x4  
  69  7:44  Baneling x2  
  73  7:48  Zergling x8  
  73  7:50  Queen x2  
  83  8:00  Overlord  
  83  8:02  Overlord  
  83  8:08  Zergling x16  
  83  8:09  Queen  
  92  8:17  Zergling x14  
  86  8:23  Zergling x8  
  86  8:26  Zergling x2, Queen  
  91  8:30  Hatchery  
  91  8:31  Zergling x4  
  91  8:33  Baneling x5  
  90  8:37  Zergling x2  
  90  8:38  Zergling x2  
  91  8:58  Drone x7  
  91  9:02  Extractor  
  97  9:04  Infestation Pit  
  96  9:11  Hatchery  
  95  9:20  Zergling x16  
  95  9:21  Zergling x2  
  102  9:26  Zergling x2  
  102  9:28  Baneling  
  102  9:29  Baneling x5  
  103  9:32  Zergling x14  
  108  9:41  Zergling x12  
  113  9:46  Baneling x2  
  107  9:58  Baneling x9  
Tags
 
Add a new tag
Caveats
  • Supply blocks, unpowered buildings, or Contaminate may cause inaccurate times.
  • Supply counts are checked every 10 seconds.